Map: Lost and Found LE

Players

Dauntless - Winner!

  • Race: Terran Terran
  • League: Master
  • Spawn Location: 1:00

Chrowrymur

  • Race: Terran Terran
  • League: Diamond
  • Spawn Location: 7:00

VOD

Have the link to the VOD?

Description

Time

  • Played on: July 23, 2018, 9:37 p.m.
  • Length: 19:00
Show
View Real Time Build Order
Export as new Build Order

Dauntless Terran - Winner!

Build Orders: Mech 

Get SALT Encoding   

  12  0:00  SCV  
  13  0:13  SCV  
  14  0:17  Supply Depot  
  14  0:25  SCV  
  15  0:38  Refinery  
  15  0:39  SCV  
  16  0:45  Barracks  
  16  0:51  SCV  
  17  1:03  SCV  
  18  1:04  Refinery  
  18  1:15  SCV  
  19  1:27  SCV  
  20  1:33  Reaper  
  21  1:47  Command Center  
  21  1:55  Orbital Command  
  21  2:05  Reaper  
  22  2:13  Factory  
  22  2:23  Supply Depot, SCV  
  23  2:44  Marine  
  24  2:59  Orbital Command  
  24  3:00  Factory Reactor  
  24  3:19  SCV  
  25  3:22  Barracks Reactor  
  25  3:26  Factory  
  25  3:32  SCV  
  26  3:40  Orbital Command  
  25  3:44  SCV  
  26  3:53  Cyclone x2  
  32  4:00  Factory  
  32  4:01  SCV  
  33  4:06  SCV  
  34  4:11  Factory Reactor  
  34  4:13  SCV  
  35  4:18  Armory, SCV  
  36  4:25  SCV  
  36  4:30  SCV  
  38  4:32  Cyclone  
  38  4:35  Cyclone  
  38  4:37  SCV  
  45  4:42  Supply Depot, SCV  
  45  4:45  Supply Depot  
  46  4:56  Armory  
  46  5:03  Supply Depot  
  46  5:04  SCV x2  
  46  5:05  Supply Depot  
  48  5:07  Supply Depot  
  48  5:09  Cyclone  
  51  5:16  SCV x2  
  51  5:19  Refinery  
  51  5:20  Refinery  
  53  5:24  Hellion x3  
  53  5:25  Hellion  
  61  5:28  SCV x2  
  63  5:40  SCV x2  
  59  5:57  SCV x2  
  59  6:04  Terran Vehicle And Ship Armor Level 1, Terran Vehicle Weapons Level 1  
  61  6:09  SCV  
  61  6:10  SCV  
  63  6:13  Hellion x2  
  63  6:14  Hellion x4  
  75  6:31  Factory  
  75  6:35  Hellion x2  
  79  6:40  Command Center  
  79  6:41  Engineering Bay  
  79  6:47  SCV x2  
  81  6:56  Supply Depot  
  81  6:59  SCV x2  
  83  7:02  Supply Depot  
  83  7:11  SCV x2  
  85  7:23  SCV  
  85  7:24  SCV  
  85  7:25  Factory Tech Lab  
  85  7:29  Sensor Tower  
  87  7:32  Factory  
  87  7:35  SCV  
  87  7:36  SCV  
  89  7:40  Cyclone x3  
  89  7:41  Cyclone  
  101  7:49  Cyclone  
  101  7:50  Siege Tank  
  80  8:03  Cyclone  
  71  8:12  Cyclone  
  72  8:13  Hellion x3  
  68  8:21  Hellion  
  68  8:23  Hellion  
  74  8:34  Hellion x3  
  74  8:36  Cyclone  
  78  8:41  Orbital Command  
  78  8:42  Hellion  
  78  8:44  Hellion  
  78  8:45  Hellion  
  84  8:52  SCV x2  
  84  8:55  Cyclone  
  89  9:04  SCV x2  
  89  9:08  SCV  
  92  9:10  Sensor Tower  
  92  9:13  Refinery  
  92  9:15  Refinery  
  92  9:16  SCV x2  
  94  9:19  Factory Tech Lab  
  94  9:20  SCV  
  95  9:26  Terran Vehicle Weapons Level 2  
  95  9:28  SCV, Hellion x3  
  95  9:29  SCV  
  103  9:32  SCV  
  104  9:40  SCV  
  104  9:41  SCV  
  104  9:44  SCV  
  104  9:45  Terran Vehicle And Ship Armor Level 2  
  107  9:53  SCV x2  
  107  9:56  SCV, Command Center  
  110  10:01  Orbital Command  
  110  10:03  Infernal Pre-Igniter  
  110  10:06  Starport  
  110  10:07  Hellion x2  
  110  10:08  Hellion x4  
  117  10:31  SCV x3  
  120  10:42  Thor  
  126  10:43  SCV x3  
  126  10:46  Hellion x2  
  133  10:52  Missile Turret  
  133  11:06  Thor, SCV x3  
  133  11:09  Orbital Command  
  142  11:12  Sensor Tower, Missile Turret  
  142  11:14  Hellion x4  
  142  11:18  SCV x3  
  153  11:20  Starport Tech Lab  
  153  11:28  Refinery  
  153  11:30  SCV x3  
  156  11:34  Fusion Core  
  156  11:42  Refinery  
  156  11:47  Thor  
  156  11:49  Hellion x4  
  156  11:52  Medivac  
  172  12:13  Hellion x4  
  172  12:14  Hellion x2  
  184  12:22  Medivac  
  186  12:26  Thor  
  192  12:30  Hellion  
  192  12:34  Smart Servos, Hellion  
  196  12:47  Terran Vehicle Weapons Level 3  
  196  12:52  Terran Vehicle And Ship Armor Level 3  
  200  12:58  Hellion x2  
  200  13:13  Starport  
  200  13:15  Starport  
  200  13:16  Starport  
  200  13:20  Starport  
  200  13:32  Command Center  
  200  14:24  Hellion x2  
  200  14:26  Hellion x2, Medivac  
  129  14:46  Refinery, Starport Tech Lab x3  
  129  14:47  Starport Tech Lab  
  101  15:02  Orbital Command  
  101  15:12  Refinery  
  101  15:16  Battlecruiser x5  
  101  15:19  Hellion x3  
  101  15:20  Hellion x5  
  145  15:39  Sensor Tower  
  145  15:40  Hellion  
  145  15:41  Hellion x6  
  145  15:42  Hellion  
  161  16:02  Hellion x4  
  161  16:03  Hellion x4  
  177  16:15  Command Center  
  177  16:20  Battlecruiser x3  
  177  16:23  Hellion x2  
  151  17:26  Battlecruiser x3  
  151  17:27  Battlecruiser x2  
  137  17:37  Hellion x8  
  145  17:58  Hellion x8  
  161  18:19  Hellion  
  177  18:20  Hellion x7  
Show
View Real Time Build Order
Export as new Build Order

Chrowrymur Terran 

Build Orders: Mech 

Get SALT Encoding   

  12  0:02  SCV  
  13  0:14  SCV  
  13  0:17  Supply Depot  
  14  0:26  SCV  
  15  0:39  SCV  
  15  0:40  Barracks  
  16  0:44  Refinery  
  16  0:51  SCV  
  17  1:03  SCV  
  18  1:16  SCV  
  19  1:27  Barracks Reactor  
  19  1:28  Orbital Command  
  19  1:44  Command Center  
  19  1:57  SCV  
  19  1:58  Supply Depot  
  20  2:04  Marine  
  20  2:05  Marine  
  22  2:11  SCV  
  23  2:15  Factory  
  23  2:25  SCV  
  23  2:26  Refinery, Marine  
  23  2:27  Marine  
  26  2:54  Marine x2  
  26  2:58  SCV  
  29  2:59  SCV, Factory Tech Lab  
  29  3:01  Starport  
  30  3:12  SCV  
  30  3:13  SCV  
  30  3:16  Marine x2  
  33  3:20  Bunker  
  33  3:24  Siege Tank, SCV  
  33  3:25  SCV  
  38  3:41  SCV x2  
  38  3:44  Marine x2  
  42  4:00  Medivac  
  42  4:02  Orbital Command, SCV  
  45  4:04  Marine  
  46  4:12  Barracks  
  46  4:35  Starport Reactor  
  46  4:53  Supply Depot  
  46  4:54  Siege Tank, SCV, Marine x2  
  46  4:55  Engineering Bay  
  46  4:58  SCV, Factory  
  53  5:01  Barracks Tech Lab  
  53  5:04  Supply Depot  
  53  5:06  SCV  
  54  5:08  Liberator  
  54  5:10  SCV  
  55  5:16  Marine x2  
  55  5:18  SCV  
  58  5:23  SCV  
  62  5:29  Supply Depot  
  62  5:30  SCV  
  63  5:37  Marine  
  63  5:39  SCV  
  63  5:42  SCV  
  66  5:51  SCV  
  66  5:54  Siege Tank, SCV, Factory Tech Lab  
  71  6:02  Refinery  
  71  6:04  Refinery  
  71  6:13  Command Center  
  71  6:20  SCV x2  
  71  6:25  Marauder, Marine x2  
  77  6:26  Combat Shield  
  77  6:32  SCV x2, Factory  
  79  6:44  SCV x2  
  79  6:45  Siege Tank  
  84  7:02  Marine x2  
  86  7:14  Supply Depot, Marine  
  86  7:15  Siege Tank, Factory Tech Lab  
  90  7:20  Armory, Marine x2  
  90  7:21  Supply Depot  
  92  7:32  Marine  
  93  7:38  Marine x2  
  93  7:54  Marine  
  93  7:55  Siege Tank x3, Marine  
  93  7:56  Marine  
  89  8:11  Marine  
  90  8:13  Marine x2  
  86  8:26  Medivac x2  
  82  8:27  Siege Tank x2  
  82  8:29  Marine  
  82  8:30  SCV x2  
  82  8:31  Marine  
  89  8:47  Marine x2  
  91  8:48  SCV x2  
  91  8:49  SCV  
  91  8:51  Sensor Tower  
  91  8:52  Stimpack  
  94  8:58  Starport  
  94  9:00  SCV x2  
  96  9:08  Refinery  
  96  9:11  Refinery  
  96  9:12  Planetary Fortress, SCV  
  96  9:13  SCV  
  98  9:21  Sensor Tower  
  98  9:25  SCV  
  99  9:33  Siege Tank  
  99  9:34  Marine x2  
  99  9:36  Hellbat x2  
  108  9:41  SCV  
  108  9:42  SCV  
  110  9:47  Command Center  
  110  9:51  Terran Infantry Weapons Level 1  
  110  9:52  Terran Vehicle Weapons Level 1  
  110  9:56  Armory  
  110  10:00  SCV x2  
  110  10:01  SCV  
  110  10:06  Marine  
  114  10:12  SCV  
  114  10:13  SCV  
  116  10:20  SCV  
  115  10:25  SCV x2, Marine x2  
  119  10:32  SCV  
  119  10:33  Marine  
  119  10:34  Siege Tank x2  
  127  10:37  SCV  
  127  10:38  Command Center  
  128  10:43  Siege Tank, Marine x2  
  128  10:46  Liberator x2  
  133  10:51  Terran Vehicle And Ship Armor Level 1  
  133  10:53  Starport Tech Lab  
  133  10:56  Fusion Core  
  133  10:58  Marine  
  133  10:59  Starport  
  133  11:01  Marine  
  141  11:07  SCV x3  
  144  11:22  Siege Tank  
  144  11:24  Marine  
  148  11:26  Concussive Shells  
  148  11:30  Marine  
  148  11:31  Marauder, Siege Tank x2, Supply Depot  
  148  11:32  Supply Depot  
  157  11:36  Missile Turret  
  157  11:38  Planetary Fortress  
  157  11:39  SCV x3  
  160  11:42  Liberator  
  160  11:51  SCV  
  161  11:55  Liberator x2  
  161  11:57  Advanced Ballistics  
  170  12:27  Refinery  
  170  12:29  Refinery  
  170  12:31  Liberator x2  
  170  12:39  Planetary Fortress  
  176  13:02  Terran Infantry Weapons Level 2  
  176  13:06  Terran Ship Weapons Level 1  
  176  13:34  Liberator x4  
  176  13:36  Refinery  
  176  13:39  Refinery  
  176  13:47  Terran Vehicle And Ship Armor Level 2  
  176  13:53  Siege Tank, Marine  
  176  13:54  Marauder  
  189  14:15  Marauder  
  191  14:20  Liberator x3  
  138  14:33  Marine  
  138  14:35  Marine  
  138  14:36  Siege Tank x3  
  141  14:53  Marine  
  142  15:01  Terran Ship Weapons Level 2  
  142  15:07  Marine x2  
  142  15:08  Siege Tank, Command Center  
  144  15:15  Barracks  
  144  15:18  Terran Infantry Armor Level 1, Barracks  
  144  15:19  Barracks  
  144  15:22  Siege Tank x2  
  150  15:36  Liberator  
  150  15:37  Liberator x3  
  150  15:50  Marine x3  
  150  15:52  Sensor Tower, Hellbat  
  150  15:54  Sensor Tower, Hellbat  
  169  16:02  Sensor Tower  
  169  16:07  Marine  
  169  16:08  Marauder  
  172  16:19  Siege Tank x3, Liberator  
  181  16:30  Marauder  
  180  17:23  Marine x3  
  180  17:26  Marine x2  
  167  17:37  Viking x4  
  160  17:40  Thor x3  
  177  18:07  Viking  
Tags
 
Composition
MechMech
Matchup
TvT
Race
Terran
Spawn Locations
Cross Positions
Add a new tag
Caveats
  • Supply blocks, unpowered buildings, or Contaminate may cause inaccurate times.
  • Supply counts are checked every 10 seconds.